 Dungeon Crawl Stone Soup version 0.29.1-2-gbd0b4ee654 (webtiles) character file.

Game seed: 9344058706125087656

1556 KittyFluff the Cudgeller (level 8, -3/73 HPs)
             Began as a Gargoyle Berserker on Oct 31, 2022.
             Was a Priest of Trog.
             Slain by a gnoll sergeant
             ... wielding a +0 vampiric trident
              (7 damage)
             ... on level 6 of the Dungeon.
             The game lasted 00:24:04 (6187 turns).

KittyFluff the Cudgeller (Gargoyle Berserker)       Turns: 6187, Time: 00:24:04

Health: -3/73      AC: 14    Str: 27    XL:     8   Next: 88%
Magic:  0/8        EV: 12    Int:  8    God:    Trog [***...]
Gold:   304        SH:  0    Dex: 11    Spells: 7/7 levels left

rFire   . . .      SeeInvis .   r - +4 quarterstaff (chaos)
rCold   . . .      Faith    .   (shield currently unavailable)
rNeg    + . .      Spirit   +   a - +3 leather armour
rPois   ∞          Reflect  .   (no helmet)
rElec   +          Harm     .   s - +0 cloak
rCorr   .          Rampage  .   w - +0 pair of gloves
Will    .....                   (no boots)
Stlth   ..........              e - amulet of guardian spirit
HPRegen 0.22/turn               z - +6 ring of strength
MPRegen 0.11/turn               (no ring)

@: berserking, very quick
A: sickness immunity, AC +5, negative energy resistance 1, electricity
resistance, torment resistance 1, petrification resistance
a: Renounce Religion, Berserk, Trog's Hand


You were on level 6 of the Dungeon.
You worshipped Trog.
Trog was most pleased with you.
You visited 1 branch of the dungeon, and saw 6 of its levels.

You collected 304 gold pieces.

Inventory:

Hand Weapons
 r - a +4 quarterstaff of chaos (weapon)
Missiles
 d - 6 poisoned darts (quivered)
 B - 2 curare-tipped darts
Armour
 a - a +3 leather armour (worn)
 i - the +3 scale mail of Impressiveness {Dex+2}
   (You found it on level 2 of the Dungeon)

   Dex:       It affects your dexterity (+2).
 q - a scarf of invisibility
 s - a +0 cloak (worn)
 t - a +0 leather armour of cold resistance
 u - a +0 robe of willpower
 w - a +0 pair of gloves (worn)
Jewellery
 e - an amulet of guardian spirit (around neck)
 n - an amulet of magic regeneration
 z - a +6 ring of strength (left hand)
Wands
 g - a wand of quicksilver (11)
 y - a wand of digging (5)
 C - a wand of roots (8)
Scrolls
 c - a scroll of teleportation
 j - a scroll of fear {unknown}
 p - 2 scrolls of poison {unknown}
 x - a scroll of vulnerability {unknown}
 A - a scroll of magic mapping {unknown}
Potions
 b - a potion of haste
 f - 3 potions of curing
 h - a potion of cancellation
 k - a potion of heal wounds {unknown}
 l - a potion of flight {unknown}
 m - a potion of lignification
 o - a potion of resistance {unknown}
 v - a potion of degeneration {unknown}


   Skills:
 + Level 5.2 Fighting
 + Level 6.4(7.2) Maces & Flails
 * Level 4.6(6.2) Staves
 * Level 5.1 Armour
 + Level 3.9 Dodging
 + Level 3.1 Stealth


You had 7 spell levels left.
You didn't know any spells.
Your spell library was empty.

Dungeon Overview and Level Annotations

Branches:
Dungeon (6/15)
 Temple: D:4-7

Altars:
Dithmenos
Nemelex Xobeh
Okawaru
Ru
Sif Muna

Shops:
D:3 *   D:4 *


Innate Abilities, Weirdness & Mutations

You are immune to sickness and miasma.
Your stone body is resilient. (AC +5)
You are immune to poison.
You resist negative energy. (rN+)
You are resistant to electric shocks. (rElec)
You are resistant to unholy torment.
You are immune to petrification.


Message History

The gnoll barely misses you.
You completely miss the gnoll sergeant.
The gnoll sergeant is moderately wounded.
The gnoll sergeant hits you but does no damage.
The gnoll hits you but does no damage. The gnoll sergeant misses you.
You sock the gnoll sergeant! You freeze the gnoll sergeant.
The gnoll sergeant is heavily wounded.
The gnoll sergeant hits you with a +0 vampiric trident.
The gnoll hits you with a +0 spear.
You completely miss the gnoll.
The gnoll sergeant hits you with a +0 vampiric trident.
The gnoll hits you but does no damage.
The gnoll sergeant hits you but does no damage.
You hit the gnoll. You freeze the gnoll.
The gnoll is moderately wounded.
The gnoll sergeant barely misses you. The gnoll closely misses you.
You hit the gnoll. You freeze the gnoll.
The gnoll is severely wounded.
The gnoll sergeant hits you with a +0 vampiric trident.
The gnoll barely misses you.
You sock the gnoll! You burn the gnoll.
You kill the gnoll!
Trog accepts your kill. The gnoll sergeant misses you.
The gnoll sergeant barely misses you.
You closely miss the gnoll sergeant.
The gnoll sergeant is heavily wounded.
The gnoll sergeant hits you with a +0 vampiric trident!
You barely miss the gnoll sergeant.
The gnoll sergeant is heavily wounded.
The gnoll sergeant hits you but does no damage.
The gnoll sergeant hits you with a +0 vampiric trident!
* * * LOW HITPOINT WARNING * * *
A red film seems to cover your vision as you go berserk!
You feel yourself moving faster!
You feel mighty!
The gnoll sergeant hits you with a +0 vampiric trident!
* * * LOW HITPOINT WARNING * * *
You closely miss the gnoll sergeant.
The gnoll sergeant is heavily wounded.
The gnoll sergeant hits you with a +0 vampiric trident!
You die...

.....#######.....### #.......#
.#............##...#####.......##
...#..###.###.#..................
.##...........#....#####.......##
......>...#####..#### #.........
....###########..# .# #.#<......
.................#..# #.########
################.#..# #.#.......
.# ###@#..####.#.###### .#
#.)g...#.......#.... .#
#......#....#..#.### .#
#..............#.# .#
...................#.# .#
###................#.# .#
#................#.# .#
#................#.# .#
###...##.........#.#


You could see a gnoll sergeant (fast).

Vanquished Creatures
  A hornet (shapeshifter) (D:4)
  Sigmund (D:3)
  Eustachio (D:4)
  An ice beast (D:6)
  2 ogres
  A kobold brigand (D:5)
  A bullfrog (D:4)
  A scorpion (D:5)
  Dowan (D:4)
  A howler monkey (D:5)
  A jelly (D:5)
  Crazy Yiuf (D:4)
  A hound (D:6)
  2 orc priests (D:3)
  3 iguanas
  Robin (D:2)
  10 gnolls
  7 adders
  A white imp (D:5)
  An ufetubus (D:4)
  4 dart slugs
  10 orcs
  4 bats
  4 endoplasms
  10 goblins
  12 hobgoblins
  6 jackals
  10 kobolds
  6 quokkas
  8 ball pythons
  5 frilled lizards
  11 rats
129 creatures vanquished.

Notes
Turn   | Place    | Note
-------+----------+-------------------------------------------
     0 | D:1      | KittyFluff the Gargoyle Berserker began the quest for the
                  | Orb.
     0 | D:1      | Reached XP level 1. HP: 14/14 MP: 1/1
    53 | D:1      | Reached XP level 2. HP: 13/19 MP: 2/2
   270 | D:1      | Reached ** piety under Trog
   470 | D:1      | Found a faded altar of an unknown god.
   542 | D:1      | Reached XP level 3. HP: 24/24 MP: 3/3
   738 | D:2      | Noticed Robin
   757 | D:2      | Killed Robin
   758 | D:2      | Reached skill level 4 in Maces & Flails
   791 | D:2      | Reached XP level 4. HP: 11/29 MP: 4/4
  1041 | D:2      | Identified the +3 scale mail of Impressiveness {Dex+2}
  1499 | D:2      | Reached XP level 5. HP: 10/33 MP: 1/5
  2252 | D:3      | Found Kogi's General Store.
  2395 | D:3      | Noticed Sigmund
  2407 | D:3      | Killed Sigmund
  2408 | D:3      | Reached skill level 5 in Maces & Flails
  2408 | D:3      | Reached XP level 6. HP: 38/38 MP: 4/6
  2582 | D:3      | Found a shadowy altar of Dithmenos.
  2707 | D:3      | Found a sacrificial altar of Ru.
  2819 | D:3      | Reached skill level 1 in Stealth
  2909 | D:4      | Reached XP level 7. HP: 4/44 MP: 0/7
  2984 | D:4      | Reached *** piety under Trog
  3249 | D:4      | Reached skill level 6 in Maces & Flails
  3434 | D:4      | Found a runed translucent door.
  3435 | D:4      | Noticed Crazy Yiuf
  3447 | D:4      | Killed Crazy Yiuf
  3665 | D:4      | Noticed Dowan
  3666 | D:4      | Noticed Duvessa
  3675 | D:4      | Noticed Duvessa
  3675 | D:4      | Duvessa changed into Duvessa the shapeshifter
  3675 | D:4      | Noticed Duvessa
  3675 | D:4      | Duvessa the shapeshifter changed into Duvessa the hornet
  3679 | D:4      | Killed Duvessa the hornet
  3680 | D:4      | Reached skill level 1 in Staves
  3683 | D:4      | Killed Dowan
  3684 | D:4      | Reached XP level 8. HP: 26/48 MP: 3/8
  3965 | D:4      | Found Doces's Assorted Antiques.
  4329 | D:4      | Noticed Eustachio
  4355 | D:4      | Killed Eustachio
  4594 | D:5      | Entered Level 5 of the Dungeon
  4890 | D:5      | Found a shimmering blue altar of Sif Muna.
  5099 | D:5      | Reached skill level 5 in Fighting
  5463 | D:5      | Reached skill level 5 in Armour
  5583 | D:6      | Found an iron altar of Okawaru.
  5649 | D:6      | Found a sparkling altar of Nemelex Xobeh.
  6187 | D:6      | Slain by a gnoll sergeant

Illustrated notes

Levels and vault maps discovered:
D:1:      amcnicky_arrival_feature_with_door, layout_rooms,
          basic_ecumenical_altar
D:2:      layout_basic, dreamdust_mushroom_princess, minmay_bisected, uniq_robin
D:3:      layout_loops_cross, overflow_temple_1_default, grunt_dithmenos_smoke,
          serial_shops, shop_statue, uniq_sigmund
D:4:      layout_basic, serial_shops, shop, uniq_crazy_yiuf_cottage,
          uniq_duvessa, uniq_eustachio
D:5:      layout_loops_cross, kennysheep_little_box
D:6:      layout_basic, nemelex_spade_bored_becter,
          lemuel_coloured_pillars_altar

Skill      XL: |  1  2  3  4  5  6  7  8 |
---------------+-------------------------+-----
Maces & Flails | 4 5 6 |  6.4
Dodging        | 2 3 |  3.9
Fighting       | 4 5 |  5.2
Armour         | 3 4 5 |  5.1
Stealth        | 1 2 3 |  3.1
Staves         | 1 4 |  4.6

Action                   |  1- 3 |  4- 6 |  7- 9 || total
-------------------------+-------+-------+-------++-------
Melee: Mace              |   107 |   126 |    28 ||   261
       Punch             |     1 |     1 |       ||     2
       Quarterstaff      |       |       |   129 ||   129
Invok: Berserk           |     1 |     4 |     5 ||    10
  Use: Potion            |     2 |       |       ||     2
       Scroll            |       |       |     4 ||     4
 Stab: Sleeping          |       |     1 |     3 ||     4
Armor: Animal skin       |    37 |    27 |    18 ||    82
       Skin              |    12 |     3 |       ||    15
       Leather armour    |       |       |    37 ||    37
       Robe              |       |       |    36 ||    36
Dodge: Dodged            |    88 |    84 |   142 ||   314
